 Dungeon Crawl Stone Soup version 0.21-a0-216-g6d3fd91 (webtiles) character file.

75044 tof the Severer (level 15, -15/137 HPs)
             Began as a Minotaur Berserker on Aug 23, 2017.
             Was the Champion of Trog.
             Demolished by an orc knight
             ... wielding a +0 battleaxe
              (26 damage)
             ... on level 2 of the Orcish Mines.
             The game lasted 01:20:13 (26805 turns).

tof the Severer (Minotaur Berserker)               Turns: 26805, Time: 01:20:14

Health: -15/137    AC: 22    Str: 26    XL:     15   Next: 8%
Magic:  8/8        EV: 18    Int: 10    God:    Trog [******]
Gold:   1663       SH:  0    Dex: 13    Spells: 14/14 levels left

rFire    . . .     SeeInvis .   a - +4 executioner's axe (antimagic)
rCold    . . .     Gourm    .   (shield currently unavailable)
rNeg     + . .     Faith    .   O - +0 plate armour
rPois    .         Spirit   .   U - +3 hat of Pondering {ponderous, MR+ MP+10 Int+5}
rElec    .         Reflect  .   f - scarf {repulsion}
rCorr    .         Harm     .   (no gloves)
MR       ++...                  v - +0 pair of boots
Stlth    ..........             Z - amulet of magic regeneration
HPRegen  0.32/turn              S - +4 ring of evasion
MPRegen  0.36/turn              c - ring of positive energy

@: berserk cooldown, slowed, repel missiles, very slow
A: retaliatory headbutt, horns 2, blink, strong 1, wild magic 1
a: Blink, Berserk, Trog's Hand, Brothers in Arms, Burn Spellbooks, Renounce
Religion


You were on level 2 of the Orcish Mines.
You worshipped Trog.
Trog was exalted by your worship.
You were hungry.

You visited 3 branches of the dungeon, and saw 21 of its levels.
You also visited: Labyrinth, Sewer, Ossuary and Ice Cave.

You collected 1783 gold pieces.
You spent 120 gold pieces at shops.

Inventory:

Hand Weapons
 a - a +4 antimagic executioner's axe (weapon)
 x - a +3 executioner's axe of electrocution
 V - a +4 battleaxe of distortion
Armour
 f - a scarf of repulsion (worn)
 v - a +0 pair of boots (worn)
 A - a +2 cloak of cold resistance
 O - a +0 plate armour (worn)
 U - the +3 hat of Pondering (worn) {ponderous, MR+ MP+10 Int+5}
   (You took it off Gastronok on level 1 of the Lair of Beasts)

   It affects your intelligence (+5).
   It affects your resistance to hostile enchantments.
   It affects your magic capacity (+10).
 Y - a +0 shield of cold resistance
Jewellery
 c - a ring of positive energy (right hand)
 S - a +4 ring of evasion (left hand)
 Z - an amulet of magic regeneration (around neck)
Wands
 e - a wand of digging (15/24)
 u - a wand of scattershot (4/9)
 E - a wand of polymorph (4/24)
 F - a wand of lightning (13/15)
 M - a wand of iceblast (5/15)
 Q - a wand of flame (32/48)
 W - a wand of acid (9/15)
Scrolls
 i - 8 scrolls of remove curse
 j - 8 scrolls of blinking
 k - 3 scrolls of teleportation
 l - 3 scrolls of fog
 m - a scroll of brand weapon {unknown}
 o - 2 scrolls of enchant armour {unknown}
 p - 2 scrolls of fear {unknown}
 q - 3 scrolls of recharging {unknown}
 z - a scroll of holy word
 D - a scroll of summoning
 H - 5 scrolls of vulnerability {unknown}
 N - 2 scrolls of magic mapping
 P - a scroll of torment {unknown}
Potions
 b - 3 potions of haste
 n - 2 potions of might
 r - 5 potions of agility
 s - 6 potions of heal wounds
 t - 15 potions of flight
 B - a potion of resistance
 J - 7 potions of curing
Books
 g - a book of Misfortune

   Spells                             Type                      Level
   a - Confusing Touch                Hexes                        1
   b - Confuse                        Hexes                        3
   c - Gell's Gravitas                Translocation                3
   d - Petrify                        Transmutation/Earth          4
   e - Metabolic Englaciation         Hexes/Ice                    5
   f - Yara's Violent Unravelling     Hexes/Transmutation          5
   Trog disapproves of the use of such an item.
 y - a book of Misfortune

   Spells                             Type                      Level
   a - Confusing Touch                Hexes                        1
   b - Confuse                        Hexes                        3
   c - Gell's Gravitas                Translocation                3
   d - Petrify                        Transmutation/Earth          4
   e - Metabolic Englaciation         Hexes/Ice                    5
   f - Yara's Violent Unravelling     Hexes/Transmutation          5
   Trog disapproves of the use of such an item.
 K - the Reference Book on Mutagenic Venom
   (You found it in a labyrinth)

   Spells                             Type                      Level
   a - Sting                          Conjuration/Poison           1
   b - Beastly Appendage              Transmutation                1
   c - Passwall                       Transmutation/Earth          2
   d - Mephitic Cloud                 Conjuration/Poison/Air       3
   e - Venom Bolt                     Conjuration/Poison           5
   f - Blade Hands                    Transmutation                5
   Trog disapproves of the use of such an item.
 R - the Compendium of Igneous Shape Shifting
   (You found it in a labyrinth)

   Spells                             Type                      Level
   a - Flame Tongue                   Conjuration/Fire             1
   b - Ice Form                       Ice/Transmutation            4
   c - Bolt of Magma                  Conjuration/Fire/Earth       5
   d - Ring of Flames                 Charms/Fire                  7
   Trog disapproves of the use of such an item.
Miscellaneous
 I - a box of beasts
 L - a phantom mirror
 T - a lightning rod (4/4)
Comestibles
 d - 22 royal jellies
 h - 8 meat rations
 w - 45 fruits


   Skills:
 + Level 13.9 Fighting
 * Level 18.1 Axes
 + Level 17.0 Armour
 + Level 12.2 Dodging


You had 14 spell levels left.
You didn't know any spells.

Dungeon Overview and Level Annotations

Branches:
Dungeon (13/15)            Temple (0/1) D:4            Lair (6/6) D:8
  Swamp (0/4) Lair:4        Snake (0/4) Lair:3        Slime (0/5) Lair:6
    Orc (2/2) D:9             Elf (0/3) Orc:2
 Vaults: D:13-14

Altars:
Ashenzari
Dithmenos
Elyvilon
Fedhas
Gozag
Kikubaaqudgha
Nemelex Xobeh
Okawaru
Qazlal
Ru
Trog
Wu Jian
The Shining One
Jiyva

Shops:
D:7 %[[*   D:8 [   Orc:1 (   Orc:2 *

Annotations:
D:11 Ijustatesigmund's ghost, journeyman MiFi


Innate Abilities, Weirdness & Mutations

You reflexively headbutt those who attack you in melee.
You have a pair of horns on your head.
You can translocate small distances at will.
Your muscles are strong. (Str +2)
Your spells are a little harder to cast, but a little more powerful.


Message History

* * * LOW HITPOINT WARNING * * *
The orc priest mumbles some strange prayers to Beogh against you.
Beogh smites you!
* * * LOW HITPOINT WARNING * * *
You slice the orc knight!! Your headbutt misses the orc knight.
The orc knight is severely wounded.
You slash the orc warrior! You slash the orc priest!
You kill the orc priest!
Trog accepts your kill.
The orc high priest no longer looks unusually strong.
The orc no longer looks unusually strong.
The sixfirhy completely misses you. You furiously retaliate!
You headbutt the sixfirhy. The orc warrior hits you with a mace!
* * * LOW HITPOINT WARNING * * *
The orc knight roars a battlecry!
The orcs go into a battle-frenzy!
The orc high priest hits you but does no damage.
The orc warrior suddenly cheers, as Orcs often do.
The orc knight hits you with a battleaxe!!
You die...

# ####### ..## ###.....###
....## ###.........####
....# ##.............##
...###...............#
.#.#.#o#o#)#.#.#.#.#.#.#.#
....ooooo@).).........).))
.o...oo#3#)...........).))
......ooo...............).
.#.#.#4#.#.#.#.#.#.#.#.#.#
.......###...............#
......# ##.............##
....## ##.........### ..##
##.....## #####


You could see an orc knight, 2 orc high priests, a rust devil, a sixfirhy, 5 orc
warriors, 3 orc priests and an orc.

Vanquished Creatures
  Rupert (D:12)
  Gastronok (Lair:1)
  An orc warlord (Orc:1)
  A frost giant (IceCv)
  Snorg (Lair:6)
  The ghost of Leszczynek the Grappler, a journeyman TrSk of Kikubaaqudgha (D:11)
  A minotaur (Lab)
  4 catoblepae (Lair:6)
  A two-headed ogre (D:12)
  6 hydras
  2 centaur warriors (D:13)
  7 death yaks (Lair:6)
  2 orc high priests (Orc:2)
  An unseen horror (D:12)
  5 orc knights (Orc:2)
  2 cyclopes
  2 manticores (Lair:6)
  3 black mambas
  2 ice statues (IceCv)
  A centaur zombie (D:11)
  2 gargoyles (Lab)
  10 spiny frogs
  2 rime drakes
  6 komodo dragons
  A queen bee (Lair:1)
  4 trolls
  35 blink frogs
  A hornet (D:10)
  11 polar bears
  Prince Ribbit (D:5)
  15 hippogriffs
  4 slime creatures (D:12)
  14 dream sheep
  A redback (Lab)
  A tarantella (shapeshifter) (D:13)
  2 wyverns
  44 yaks
  3 steam dragons (D:9)
  2 basilisks
  A hungry ghost (D:12)
  4 nagas (Lair:3)
  3 acid dragons
  6 porcupines
  13 water moccasins
  15 orc warriors
  4 ice beasts
  A sky beast (D:9)
  A black bear (D:10)
  A necrophage (D:10)
  5 ogres
  A phantom (D:4)
  40 wolves
  6 centaurs
  13 crocodiles
  2 big kobolds
  19 bullfrogs
  A wyvern zombie (D:9)
  A wyvern skeleton (D:10)
  3 scorpions
  15 wights
  26 killer bees
  2 electric eels
  4 crimson imps
  A howler monkey (D:4)
  2 bullfrog zombies
  5 hounds
  13 jellies
  19 orc priests
  22 orc wizards
  A bullfrog skeleton (D:10)
  2 centaur skeletons
  3 iguanas
  9 worker ants
  A killer bee zombie (D:8)
  A big kobold zombie (Ossuary)
  2 hound zombies
  2 hound skeletons
  8 mummies (Ossuary)
  A howler monkey skeleton (D:4)
  8 gnolls
  9 adders
  2 river rats (D:5)
  A shadow imp (D:7)
  4 oozes
  2 worms
  A dart slug (D:3)
  2 leopard geckos
  82 orcs
  4 ball pythons
  9 bats
  5 giant cockroaches
  3 gnoll zombies (Ossuary)
  6 goblins
  8 hobgoblins
  26 jackals
  4 quokkas
  9 frilled lizards
  A hobgoblin zombie (Ossuary)
  A jackal zombie (D:7)
  19 kobolds
  2 kobold zombies (Ossuary)
  2 leopard gecko skeletons
  An orc zombie (Ossuary)
  7 rats
  5 fungi
  4 plants
710 creatures vanquished.

Vanquished Creatures (others)
  A black mamba (Lair:1)
  A polar bear (IceCv)
  A yak (IceCv)
  2 wolves (IceCv)
  A centaur (D:12)
  2 crocodiles
  3 fungi
  7 plants
18 creatures vanquished.

Grand Total: 728 creatures vanquished

Notes
Turn   | Place    | Note
-------+----------+-------------------------------------------
     0 | D:1      | tof the Minotaur Berserker began the quest for the Orb.
     0 | D:1      | Reached XP level 1. HP: 19/19 MP: 0/0
   453 | D:1      | Reached XP level 2. HP: 23/26 MP: 1/1
  1060 | D:2      | Reached skill level 4 in Axes
  1088 | D:2      | Reached XP level 3. HP: 31/33 MP: 2/2
  1563 | D:2      | Reached XP level 4. HP: 40/40 MP: 3/3
  1596 | D:2      | Reached ** piety under Trog
  1784 | D:3      | Noticed a bullfrog
  1794 | D:3      | Killed a bullfrog
  1794 | D:3      | Reached skill level 5 in Axes
  1794 | D:3      | Reached XP level 5. HP: 23/46 MP: 4/4
  2337 | D:3      | Found a glowing golden altar of the Shining One.
  2578 | D:3      | Found a faded altar of an unknown god.
  2850 | D:4      | Found a bloodstained altar of Trog.
  2863 | D:4      | Reached XP level 6. HP: 51/53 MP: 5/5
  2874 | D:4      | Reached skill level 5 in Armour
  2881 | D:4      | Reached *** piety under Trog
  3067 | D:4      | Found a sparkling altar of Nemelex Xobeh.
  3076 | D:4      | Found a shadowy altar of Dithmenos.
  3117 | D:4      | Noticed an ice beast
  3118 | D:4      | Reached skill level 5 in Fighting
  3122 | D:4      | Reached skill level 6 in Axes
  3124 | D:4      | Reached XP level 7. HP: 28/61 MP: 6/6
  3450 | D:4      | Found a staircase to the Ecumenical Temple.
  3794 | D:5      | Entered Level 5 of the Dungeon
  3837 | D:5      | Found a stormy altar of Qazlal.
  3894 | D:5      | Found a glowing drain.
  3902 | Sewer    | Entered a sewer
  4302 | D:5      | Reached skill level 7 in Axes
  4362 | D:5      | Found a sand-covered staircase.
  4371 | Ossuary  | Entered an ossuary
  4639 | Ossuary  | Reached XP level 8. HP: 70/70 MP: 7/7
  5063 | D:5      | Noticed Prince Ribbit
  5075 | D:5      | Killed Prince Ribbit
  5163 | D:5      | Reached skill level 5 in Dodging
  5376 | D:5      | Reached **** piety under Trog
  5472 | D:6      | Reached skill level 8 in Axes
  5842 | D:6      | Reached skill level 9 in Axes
  5842 | D:6      | Reached XP level 9. HP: 73/79 MP: 8/8
  5927 | D:6      | Found a shattered altar of Ashenzari.
  6206 | D:7      | Found a flagged portal.
  6809 | D:7      | Found Ceen Keo's Food Shoppe.
  6809 | D:7      | Found Ocikonuh's Antique Armour Shoppe.
  6827 | D:7      | Found Vatham Jix's General Store.
  6827 | D:7      | Found Optuoh's Antique Armour Shoppe.
  6846 | D:7      | Bought a scroll of identify for 30 gold pieces
  6846 | D:7      | Bought a scroll of fog for 30 gold pieces
  6846 | D:7      | Bought a potion of agility for 60 gold pieces
  6903 | D:7      | Found an iron altar of Okawaru.
  6904 | D:7      | Found a bloodstained altar of Trog.
  6906 | D:7      | Reached ***** piety under Trog
  7253 | D:8      | Found a staircase to the Lair.
  7286 | D:8      | Found Udoidef's Antique Armour Shoppe.
  7296 | D:8      | Reached skill level 10 in Axes
  7438 | D:8      | Found a white marble altar of Elyvilon.
  8285 | D:9      | Reached skill level 10 in Armour
  8285 | D:9      | Reached XP level 10. HP: 86/88 MP: 9/9
  8661 | D:9      | Found a blossoming altar of Fedhas.
  8704 | D:9      | Found a sacrificial altar of Ru.
  8737 | D:9      | Found an ancient bone altar of Kikubaaqudgha.
  8789 | D:9      | Gained mutation: Armour fits poorly on your strangely shaped body. [mutagenic meat]
  8790 | D:9      | Gained mutation: Your flesh is cold resistant. (rC+) [mutagenic meat]
  8791 | D:9      | Gained mutation: You are agile. (Dex +2) [mutagenic meat]
  9260 | D:9      | Found a viscous altar of Jiyva.
  9410 | D:9      | Found an opulent altar of Gozag.
  9436 | D:9      | Reached skill level 11 in Axes
  9441 | D:9      | Found a staircase to the Orcish Mines.
  9546 | D:9      | Found an ornate altar of the Wu Jian Council.
  9627 | D:10     | Entered Level 10 of the Dungeon
 10028 | D:10     | Lost mutation: You are agile. (Dex +2) [potion of mutation]
 10028 | D:10     | Lost mutation: Armour fits poorly on your strangely shaped body. [potion of mutation]
 10028 | D:10     | Gained mutation: Your muscles are strong. (Str +2) [potion of mutation]
 10028 | D:10     | Gained mutation: You are partially covered in yellow scales. (AC +2) [potion of mutation]
 10028 | D:10     | Gained mutation: You are somewhat resistant to further mutation. [potion of mutation]
 10056 | D:10     | Lost mutation: You are partially covered in yellow scales. (AC +2) [potion of mutation]
 10056 | D:10     | Lost mutation: You are somewhat resistant to further mutation. [potion of mutation]
 10056 | D:10     | Lost mutation: Your flesh is cold resistant. (rC+) [potion of mutation]
 10056 | D:10     | Gained mutation: Your spells are a little harder to cast, but a little more powerful. [potion of mutation]
 10056 | D:10     | Gained mutation: You are partially covered in rugged brown scales. (AC +1, +3% HP) [potion of mutation]
 10056 | D:10     | Lost mutation: You are partially covered in rugged brown scales. (AC +1, +3% HP) [potion of mutation]
 10056 | D:10     | Gained mutation: You can translocate small distances at will. [potion of mutation]
 10658 | D:11     | Received a gift from Trog
 10693 | D:11     | Noticed Leszczynek's ghost (journeyman TrSk)
 10702 | D:11     | Killed Leszczynek's ghost
 10702 | D:11     | Reached skill level 12 in Axes
 10984 | D:11     | Reached XP level 11. HP: 82/97 MP: 3/10
 11195 | D:11     | Noticed Ijustatesigmund's ghost (journeyman MiFi)
 11512 | D:11     | Reached ****** piety under Trog
 12028 | D:12     | Killed an unseen horror
 12386 | D:12     | Noticed Rupert
 12403 | D:12     | HP: 3/99 [Rupert/great mace of protection (10)]
 12404 | D:12     | Killed Rupert
 12793 | D:12     | Reached skill level 10 in Fighting
 12793 | D:12     | Reached skill level 13 in Axes
 12990 | D:12     | Noticed a two-headed ogre
 12997 | D:12     | Killed a two-headed ogre
 13875 | D:13     | Noticed a centaur warrior
 13973 | D:13     | Killed a centaur warrior
 13973 | D:13     | Reached XP level 12. HP: 100/107 MP: 3/11
 14318 | D:13     | Noticed a seven-headed hydra
 14336 | D:13     | Killed a 13-headed hydra
 14667 | D:13     | Noticed an ogre mage
 14667 | D:13     | Noticed a centaur warrior
 14673 | D:13     | Paralysed by an ogre mage for 2 turns
 14676 | D:13     | HP: 3/108 [ogre mage/bolt of lightning (35)]
 15052 | D:13     | Noticed a centaur warrior
 15063 | D:13     | Killed a centaur warrior
 15063 | D:13     | Reached skill level 14 in Axes
 15258 | Lair:1   | Entered Level 1 of the Lair of Beasts
 15274 | Lair:1   | Noticed Gastronok
 15281 | Lair:1   | Killed Gastronok
 15340 | Lair:1   | Received a gift from Trog
 16326 | Lair:1   | Noticed a seven-headed hydra
 16341 | Lair:1   | Killed a seven-headed hydra
 16341 | Lair:1   | Reached skill level 15 in Axes
 16341 | Lair:1   | Reached skill level 10 in Dodging
 16450 | Lair:1   | Reached XP level 13. HP: 116/116 MP: 12/12
 16880 | Lair:2   | Reached skill level 15 in Armour
 17513 | Lair:3   | Found a frozen archway.
 17524 | IceCv    | Entered an ice cave
 18219 | IceCv    | Noticed a frost giant
 18227 | IceCv    | Received a gift from Trog
 18241 | IceCv    | Killed a frost giant
 18916 | Lair:3   | Reached skill level 16 in Axes
 18951 | Lair:3   | Found a staircase to the Snake Pit.
 19734 | Lair:4   | Found a labyrinth entrance.
 20009 | Lab      | Entered a labyrinth
 21083 | Lab      | Noticed a minotaur
 21088 | Lab      | Killed a minotaur
 21103 | Lab      | Identified the Compendium of Igneous Shape Shifting
 21106 | Lab      | Identified the Reference Book on Mutagenic Venom
 21194 | Lair:4   | Reached XP level 14. HP: 113/127 MP: 7/13
 21936 | Lair:4   | Found a staircase to the Swamp.
 23083 | Lair:6   | Entered Level 6 of the Lair of Beasts
 23366 | Lair:6   | Noticed Snorg
 23378 | Lair:6   | Killed Snorg
 23378 | Lair:6   | Reached skill level 17 in Axes
 23746 | Lair:6   | Received a gift from Trog
 24621 | Lair:6   | Found a staircase to the Slime Pits.
 25848 | Orc:1    | Entered Level 1 of the Orcish Mines
 25849 | Orc:1    | Found Teeryvak's Antique Weapon Shoppe.
 26094 | Orc:2    | Entered Level 2 of the Orcish Mines
 26096 | Orc:2    | Noticed an orc warlord
 26215 | Orc:1    | Killed an orc warlord
 26367 | Orc:2    | Received a gift from Trog
 26411 | Orc:2    | Found a staircase to the Elven Halls.
 26417 | Orc:2    | Found Fidug's General Store.
 26448 | Orc:2    | Reached skill level 18 in Axes
 26451 | Orc:2    | Reached XP level 15. HP: 134/137 MP: 8/14
 26805 | Orc:2    | Demolished by an orc knight

Vault maps used:
D:1:      eino_arrival_cavern_e, st_stairs_5, minivault_23,
          minmay_misc_feat_four_crosses, hangedman_decor_clover_reticule
D:2:      minmay_misc_feat_more_columns
D:3:      lemuel_doored_altar, chequers_ecumenical_altar_grove, first_bread
D:4:      grunt_temple_overflow_open, minmay_temple_entry_glassed_door,
          small_statue_intersection, trog_three_pillars_becter
D:5:      nicolae_ossuary_entry_ruins, gup_sewer_entry_bubbles,
          nicolae_qazlal_general_emergency, uniq_prince_ribbit1
D:6:      nicolae_overflow_crystal_walls, grunt_ministairs_14, st_stairs_7,
          serial_park_tiny_pond
D:7:      grunt_temple_overflow_bloody_war, enter_bailey_2,
          kennysheep_small_spiral, corexii_item_surrounded_by_moat,
          minmay_shop_grid_forest
D:8:      elyvilon_altar_4, lair_entry_dummy, serial_shops,
          nicolae_shop_temple_entry_statues_fountains
D:9:      cheibrodos_steamvent, kennysheep_mini, overflow_temple_1_default,
          kiku_gazebo_garden_becter, nicolae_ru_great_annihilating_truth,
          orc_0_dummy, basic_altar, jiyva_altar_1
D:12:     uniq_rupert
D:13:     hangedman_vaults_entry_quadrant_bands, serial_shops, shop_statue,
          kennysheep_mini_moat, shop_fountains
Lair:1:   special_room, grunt_forest_large_clearings, uniq_gastronok
Lair:2:   infiniplex_staircase_pool, lemuel_fruit_fields
Lair:3:   minmay_snake_entry_guardpost_small, portal_ice_cave_entry_pillars_1
Lair:4:   swamp_mist_pool, lab_entry_generic, grunt_megastairs_2
Lair:6:   evilmike_catoblepas_cave, nicolae_slime_entry_slimehenge, uniq_snorg
Orc:1:    serial_shops, shop, guppyfry_library_mini
Orc:2:    st_orc_pillars, serial_shops, shop
Lab:      nicolae_lab_dead_adventurers, nicolae_lab_very_dead_end,
          nicolae_lab_plus, labyrinth_glass_1
Sewer:    sewer_the_crocodile
Ossuary:  ossuary_tomb_3
IceCv:    ice_cave_small_giant

Skill      XL: |  1  2  3  4  5  6  7  8  9 10 11 12 13 14 |
---------------+-------------------------------------------+-----
Armour         | 3 4 5 6 8 10 11 13 14 16 17 | 17.0
Axes           | 4 5 6 7 9 10 12 13 15 16 18 | 18.1
Fighting       | 4 5 7 8 9 10 11 12 13 | 13.9
Dodging        | 3 4 5 6 7 9 10 11 12 | 12.2

Action                   |  1- 3 |  4- 6 |  7- 9 | 10-12 | 13-15 || total
-------------------------+-------+-------+-------+-------+-------++-------
Melee: Hand axe          |    78 |   119 |   284 |    10 |       ||   491
       Headbutt          |    12 |    14 |    52 |    97 |   145 ||   320
       Battleaxe         |       |       |       |   204 |   131 ||   335
       Broad axe         |       |       |       |   239 |       ||   239
       Executioner's axe |       |       |       |       |   468 ||   468
Invok: Berserk           |       |     2 |     4 |     9 |    10 ||    25
       Trog's Hand       |       |       |       |     1 |       ||     1
       Burn Spellbooks   |       |       |       |       |     1 ||     1
 Abil: Blink             |       |       |       |     2 |       ||     2
Evoke: Lightning rod     |       |       |       |     8 |     4 ||    12
  Use: Scroll            |       |       |    17 |     3 |     5 ||    25
       Potion            |       |       |       |     6 |       ||     6
 Stab: Invisible         |       |       |       |     1 |       ||     1
       Paralysed         |       |       |       |     1 |       ||     1
       Petrified         |       |       |       |       |     2 ||     2
  Eat: Chunk             |     2 |     6 |    16 |    22 |    19 ||    65
       Bread ration      |       |       |     1 |     4 |     5 ||    10
       Fruit             |       |       |       |       |     2 ||     2
Armor: Animal skin       |    17 |       |       |       |       ||    17
       Ring mail         |     6 |    35 |    62 |       |       ||   103
       Chain mail        |       |       |    51 |    24 |       ||    75
       Plate armour      |       |       |       |   281 |   347 ||   628
Dodge: Dodged            |    48 |    69 |   160 |   397 |   653 ||  1327
       Deflected         |       |       |     1 |    23 |    10 ||    34

Table legend:
 A = Spawn XP
 B = Non-spawn XP
 C = Spawn XP percentage of total XP
 D = Spawn monster count
 E = Non-spawn monster count
 F = Spawn count percentage of total count
 G = Total turns spent on level
                    A         B        C        D         E        F      G
               +---------+---------+-------+---------+---------+-------+---------
         Total |   10689 |   96517 |  10.0 |      89 |     619 |  12.6 | 26805
               +---------+---------+-------+---------+---------+-------+---------
           D:1 |       4 |      15 |  21.1 |       3 |       9 |  25.0 |  1004
           D:2 |       3 |      87 |   3.3 |       2 |      24 |   7.7 |   648
           D:3 |      23 |     207 |  10.0 |       6 |      26 |  18.8 |  1198
           D:4 |      48 |     673 |   6.7 |       1 |      17 |   5.6 |   944
           D:5 |       0 |     620 |   0.0 |       0 |      25 |   0.0 |   859
           D:6 |       2 |    1369 |   0.1 |       1 |      25 |   3.8 |   661
           D:7 |     148 |     700 |  17.5 |       7 |      21 |  25.0 |  1162
           D:8 |     235 |     898 |  20.7 |       2 |      14 |  12.5 |  1031
           D:9 |      90 |    1791 |   4.8 |       1 |      29 |   3.3 |  1440
          D:10 |       6 |    1736 |   0.3 |       2 |      24 |   7.7 |   988
          D:11 |     931 |    2673 |  25.8 |      23 |      28 |  45.1 |  1225
          D:12 |     349 |    7944 |   4.2 |       7 |      21 |  25.0 |  1972
          D:13 |     668 |    4608 |  12.7 |       2 |      17 |  10.5 |  1409
        Lair:1 |     860 |   12125 |   6.6 |       5 |      69 |   6.8 |  1688
        Lair:2 |     465 |    4853 |   8.7 |       2 |      20 |   9.1 |   740
        Lair:3 |    1573 |    5494 |  22.3 |       6 |      22 |  21.4 |  1221
        Lair:4 |     295 |    6173 |   4.6 |       2 |      17 |  10.5 |  1372
        Lair:5 |     255 |    5490 |   4.4 |       1 |      21 |   4.5 |   926
        Lair:6 |    4417 |   18631 |  19.2 |      15 |      53 |  22.1 |  2407
         Orc:1 |     317 |    3114 |   9.2 |       1 |      30 |   3.2 |   505
         Orc:2 |       0 |    5998 |   0.0 |       0 |      46 |   0.0 |   452
           Lab |       0 |    2066 |   0.0 |       0 |       4 |   0.0 |  1108
         Sewer |       0 |     110 |   0.0 |       0 |       6 |   0.0 |   383
       Ossuary |       0 |     177 |   0.0 |       0 |      16 |   0.0 |   394
         IceCv |       0 |    8965 |   0.0 |       0 |      35 |   0.0 |  1068
               +---------+---------+-------+---------+---------+-------+---------
